 Dungeon Crawl Stone Soup version 0.32-a0-18-g89e19f1974 (webtiles) character file.

Game seed: 17273439763358371747

612 Hopman the Apothecary (level 7, -2/61 HPs)
             Began as a Naga Alchemist on Jan 16, 2024.
             Was an Initiate of Sif Muna.
             Slain by a vampire (11 damage)
             ... on level 5 of the Dungeon.
             The game lasted 00:32:41 (4834 turns).

Hopman the Apothecary (Naga Alchemist)              Turns: 4834, Time: 00:32:42

Health: -2/61      AC:  6    Str: 11    XL:     7   Next: 44%
Magic:  6/12       EV: 10    Int: 15    God:    Sif Muna [......]
Gold:   292        SH:  0    Dex: 13    Spells: 7/13 levels left

rFire   + . .        a - staff "Dus Paqu" {Fly rF+ SInv Conj}
rCold   . . .        (no shield)
rNeg    . . .        c - +0 robe
rPois   +            o - +2 helmet
rElec   .            (no cloak)
rCorr   .            (no gloves)
SInv    +            (no barding)
Will    .....        p - amulet of regeneration
Stlth   +++          j - +4 ring of slaying
HPRegen 1.10/turn    (no ring)
MPRegen 0.13/turn

%: no passive effects
@: flying, very slightly contaminated, very slow
A: AC +2, large, see invisible, deformed body, poison resistance, slowness 2,
spit poison 1, naga tail 1
a: Spit Poison, Renounce Religion


You were on level 5 of the Dungeon.
You worshipped Sif Muna.
Sif Muna was noncommittal.
You visited 1 branch of the dungeon, and saw 5 of its levels.

You collected 292 gold pieces.

Inventory:

Missiles
 f - a throwing net
Armour
 c - a +0 robe (worn)
 o - a +2 helmet (worn)
Magical Staves
 a - the staff "Dus Paqu" (weapon) {Fly rF+ SInv Conj}
   (You acquired it on level 3 of the Dungeon)

   [staff of conjuration]

   Base accuracy: +5 Base damage: 5 Base attack delay: 1.2 This weapon's minimum
   attack delay (0.6) is reached at skill level 12.
   rF+:       It protects you from fire.
   SInv:      It lets you see invisible.
   Fly:       It grants you flight.
   Conj:      It increases the power of your Conjurations spells.
   It falls into the 'Staves' category.
   It is a one-handed weapon.
Jewellery
 j - a +4 ring of slaying (left hand)
 l - a ring of poison resistance
 p - an amulet of regeneration (around neck)
Wands
 i - a wand of roots (5)
Scrolls
 e - 2 scrolls of enchant weapon {unknown}
 h - 3 scrolls of teleportation
 m - a scroll of brand weapon {unknown}
 t - a scroll of acquirement
Potions
 b - a potion of magic
 d - a potion of brilliance
 g - 2 potions of mutation
 k - 5 potions of heal wounds {unknown}
 n - a potion of might {unknown}
 q - 3 potions of curing {unknown}
 r - a potion of resistance {unknown}
 s - a potion of berserk rage {unknown}


   Skills:
 * Level 2.6 Fighting
 * Level 2.7 Staves
 - Level 2.1 Dodging
 - Level 4.1 Stealth
 * Level 3.6 Spellcasting
 + Level 2.6 Conjurations
 + Level 1.8 Air Magic
 * Level 5.0 Alchemy
 + Level 1.5 Evocations


You had 7 spell levels left.
You knew the following spells:

 Your Spells              Type           Power      Damage    Failure   Level
a - Sting                 Conj/Alch      84%        1d8       3%          1
b - Mercury Vapours       Alch/Air       26%        N/A       7%          2
c - Mephitic Cloud        Conj/Alch/Air  18%        N/A       16%         3

Your spell library contained the following spells:

 Spells                   Type           Power      Damage    Failure   Level
 Olgreb's Toxic Radiance  Alch           17%        N/A       24%         4
 Sticky Flame             Fire/Alch      10%        2d5       54%         4


Dungeon Overview and Level Annotations

Branches:
Dungeon (5/15)
 Temple: D:4-7

Altars:
Cheibriados
Gozag
Okawaru
Sif Muna
Uskayaw


Innate Abilities, Weirdness & Mutations

Your serpentine skin is tough. (AC +2)
You have supernaturally acute eyesight. (SInv)
Armour fits poorly on your strangely shaped body.
Your system is resistant to poisons. (rPois)
You cover ground very slowly.
You can spit poison.
You have a snake-like lower body.


Message History

The gnoll sergeant freezes you. The vampire hits you. The vampire bites you.
The vampire draws strength from your injuries!
Okay, then.
Magic courses through your body.
The vampire is no longer weakened.
The gnoll sergeant hits you from afar with a +2 spear of freezing.
The gnoll sergeant freezes you.
The vampire points at you and mumbles some strange words.
You resist with some effort.
Casting: Mephitic Cloud (dangerous; 16% risk of failure)
Confirm with . or Enter, or press ? or * to list all spells.
Aiming: Mephitic Cloud (dangerous; 16% risk of failure)
Press: ? - help, Shift-Dir - straight line, f/p - gnoll sergeant
Aim: a gnoll sergeant, wielding a +2 spear of freezing, wearing a +0 scale mail and wearing a +0 buckler (moderately wounded, very poisoned, weak, chance to affect: 81%)
You feel a surge of power!
You miscast Mephitic Cloud.
A wave of violent energy washes through your body.
The gnoll sergeant is no longer weakened.
The gnoll sergeant hits you but does no damage.
The vampire hits you. The vampire barely misses you.
Casting: Mephitic Cloud (dangerous; 16% risk of failure)
Confirm with . or Enter, or press ? or * to list all spells.
Aiming: Mephitic Cloud (dangerous; 16% risk of failure)
Press: ? - help, Shift-Dir - straight line, f/p - gnoll sergeant
Aim: a gnoll sergeant, wielding a +2 spear of freezing, wearing a +0 scale mail and wearing a +0 buckler (moderately wounded, poisoned, chance to affect: 81%)
You feel a surge of power!
The ball explodes into a vile cloud!
The stinking cloud engulfs the vampire.
The stinking cloud engulfs the gnoll sergeant.
The gnoll sergeant is moderately wounded.
The stinking cloud engulfs you. The vampire hits you. The vampire bites you.
The vampire draws strength from your injuries!
The gnoll sergeant hits you from afar with a +2 spear of freezing.
The gnoll sergeant freezes you. The vampire attacks as it pursues you!
The vampire closely misses you. The vampire bites you.
The vampire draws strength from your injuries!
The vampire attacks as it pursues you! The vampire hits you!
* * * LOW HITPOINT WARNING * * *
The vampire barely misses you.
The vampire hits you but does no damage.
The vampire bites you!
You die...

#......
÷............#.#>#.##..
#####+#
...##.#####.##.###†##..
#####.#####.##.# #.##..
..#.....##.# #.##..
##############.###.##.[
#..............#...##..
#..##.#.#.#######.#.##..
#.######.....#.######
##†#@#.####....# ##.#V##
###### ####.# #.## #g ..
###


You could see a vampire.

Vanquished Creatures
  2 ogres (D:4)
  A scorpion (D:5)
  A bombardier beetle (D:5)
  A hound (D:4)
  Jessica (D:2)
  3 iguanas
  An orc wizard (D:4)
  5 gnolls
  3 adders
  2 ufetubi (D:5)
  A dart slug (D:2)
  2 ribbon worms
  10 orcs
  4 bats
  6 endoplasms
  A giant cockroach (D:4)
  9 goblins
  11 hobgoblins
  4 jackals
  5 quokkas
  9 ball pythons
  2 frilled lizards (D:1)
  10 kobolds
  5 rats
99 creatures vanquished.

Notes
Turn   | Place    | Note
-------+----------+-------------------------------------------
     0 | D:1      | Hopman the Naga Alchemist began the quest for the Orb.
     0 | D:1      | Reached XP level 1. HP: 15/15 MP: 3/3
    63 | D:1      | Reached XP level 2. HP: 22/22 MP: 3/5
   258 | D:1      | Reached skill level 4 in Alchemy
   293 | D:1      | Reached XP level 3. HP: 27/28 MP: 1/6
   399 | D:1      | Learned a level 2 spell: Mercury Vapours
   677 | D:2      | Noticed Jessica
   683 | D:2      | Killed Jessica
   684 | D:2      | Reached XP level 4. HP: 23/36 MP: 3/7
  1790 | D:3      | Identified a scroll of acquirement
  1790 | D:3      | Acquired the staff "Dus Paqu" {Fly rF+ SInv Conj}
  1953 | D:3      | Found an iron altar of Okawaru.
  1955 | D:3      | Reached XP level 5. HP: 42/42 MP: 9/9
  2354 | D:3      | Learned a level 3 spell: Mephitic Cloud
  2555 | D:3      | Found a faded altar of an unknown god.
  2807 | D:3      | Found an opulent altar of Gozag.
  2808 | D:3      | Found a snail-covered altar of Cheibriados.
  3026 | D:4      | Found a hide-covered altar of Uskayaw.
  3083 | D:4      | Found a shimmering blue altar of Sif Muna.
  3091 | D:4      | Became a worshipper of Sif Muna the Loreminder
  3781 | D:5      | Entered Level 5 of the Dungeon
  3851 | D:5      | Noticed an ogre
  3885 | D:4      | Killed an ogre
  3886 | D:4      | Reached skill level 1 in Fighting
  3886 | D:4      | Reached skill level 1 in Staves
  3886 | D:4      | Reached skill level 1 in Air Magic
  3886 | D:4      | Reached XP level 6. HP: 39/51 MP: 10/10
  4095 | D:5      | Reached skill level 5 in Alchemy
  4179 | D:5      | Reached skill level 1 in Evocations
  4212 | D:4      | Reached XP level 7. HP: 32/60 MP: 9/12
  4821 | D:5      | Noticed a vampire
  4834 | D:5      | Slain by a vampire

Illustrated notes

Levels and vault maps discovered:
D:1:      dpeg_arrival_orchard, layout_rooms
D:2:      layout_basic, minmay_misc_feat_chi, nrook_loot_triangle,
          kennysheep_generic_room_8, uniq_jessica
D:3:      layout_basic, kennysheep_okawaru_gauntlet,
          nicolae_overflow_hidden_temple, nicolae_ecumenical_snake_handling
D:4:      layout_basic, tgw_sif, marbit_many_paths, patterned_corridor
D:5:      layout_basic, nicolae_ossuary_entry_plus, minmay_small_thing

Skill      XL: |  1  2  3  4  5  6 |
---------------+-------------------+-----
Alchemy        | 4 5 |  5.0
Dodging        | 2 |  2.1
Stealth        | 4 |  4.1
Spellcasting   | 3 |  3.6
Conjurations   | 2 |  2.6
Fighting       | 1 2 |  2.6
Staves         | 1 2 |  2.7
Air Magic      | 1 |  1.8
Evocations     | 1 |  1.5

Action                     |  1- 3 |  4- 6 |  7- 9 || total
---------------------------+-------+-------+-------++-------
  Melee: Unarmed           |     3 |       |       ||     3
         Staff             |       |     7 |    10 ||    17
         Punch             |       |       |     1 ||     1
   Cast: Sting             |    26 |    39 |     8 ||    73
         Mercury Vapours   |     1 |    13 |    11 ||    25
         Mephitic Cloud    |       |       |     2 ||     2
Ability: Spit Poison       |    13 |    51 |    12 ||    76
    Use: Scroll            |       |     6 |     1 ||     7
         Potion            |       |     1 |     1 ||     2
 Armour: Robe              |    10 |    57 |    39 ||   106
  Dodge: Dodged            |    14 |    68 |    19 ||   101

Table legend: (Time is in decaauts)
 A = Elapsed time spent in this place.
 B = Non-inter-level travel time spent in this place.
 C = Inter-level travel time spent in this place.
 D = Time resting spent in this place.
 E = Time spent auto-exploring this place.
 F = Levels seen in this place.
 G = Mean time per level.
                   A        B        C        D        E       F      G
               +--------+--------+--------+--------+--------+-----+--------+
         Total |   6338 |   5539 |    799 |    398 |   3621 |   5 | 1267.6 |
       Dungeon |   6338 |   5539 |    799 |    398 |   3621 |   5 | 1267.6 |
               +--------+--------+--------+--------+--------+-----+--------+

Top non-repeatable levels by time:
     D:4: 1796 daAuts
     D:3: 1564 daAuts
     D:2: 1452 daAuts
     D:1: 843 daAuts
     D:5: 681 daAuts
